 Dungeon Crawl Stone Soup version 0.28-b1-25-g9875b3fc8c (webtiles) character file.

Game seed: 3269010770469149490

88 cayde69 the Chopper (level 4, -4/39 HPs)
             Began as a Hill Orc Fighter on Jan 31, 2022.
             Slain by a hobgoblin (6 damage)
             ... led by Robin
             ... on level 2 of the Dungeon.
             The game lasted 00:05:47 (1586 turns).

cayde69 the Chopper (Hill Orc Fighter)              Turns: 1586, Time: 00:05:47

Health: -4/39      AC:  6    Str: 20    XL:     4   Next: 54%
Magic:  4/4        EV:  9    Int:  8    God:
Gold:   51         SH:  4    Dex: 10    Spells: 0/3 levels left

rFire   . . .      SeeInvis .   j - +1 falchion (vorpal)
rCold   . . .      Faith    .   c - +0 buckler
rNeg    . . .      Spirit   .   b - +0 scale mail
rPois   .          Reflect  .   (no helmet)
rElec   .          Harm     .   (no cloak)
rCorr   .          Rampage  .   (no gloves)
Will    .....                   (no boots)
Stlth   ..........              (no amulet)
HPRegen 0.13/turn               (no ring)
MPRegen 0.09/turn               (no ring)

@: mighty
A: no striking features
a: no special abilities


You were on level 2 of the Dungeon.
You visited 1 branch of the dungeon, and saw 2 of its levels.

You collected 51 gold pieces.

Inventory:

Hand Weapons
 a - a +0 war axe
 i - a +4 dagger of venom
 j - a +1 vorpal falchion (weapon)
Missiles
 e - 23 arrows
 h - 9 boomerangs (quivered)
Armour
 b - a +0 scale mail (worn)
 c - a +0 buckler (worn)
 n - a +0 scale mail
Wands
 m - a wand of digging (5)
Scrolls
 f - a scroll of teleportation {unknown}
 k - a scroll of fear {unknown}
Potions
 g - a potion of brilliance {unknown}
 l - 2 potions of ambrosia {unknown}


   Skills:
 - Level 3.6 Fighting
 + Level 3.3 Long Blades
 - Level 4.2 Axes
 - Level 3.2 Armour
 - Level 0.2 Dodging
 - Level 3.2 Shields


You couldn't memorise any spells.
You knew the following spells:

 Your Spells              Type           Power      Damage    Failure   Level
a - Conjure Flame         Conj/Fire      0%         6-21      99%         3

Your spell library contained the following spells:

 Spells                   Type           Power      Damage    Failure   Level
 Ignite Poison            Fire/Tmut/Pois 0%         N/A       99%         3
 Sticky Flame             Conj/Fire      0%         2d3       100%        4
 Summon Lightning Spire   Summ/Air       0%         N/A       100%        4
 Storm Form               Tmut/Air       0%         N/A       100%        7
 Maxwell's Capacitive Co  Air            0%         ∞         100%        8


Dungeon Overview and Level Annotations

Branches:
Dungeon (2/15)

Altars:

Annotations:
D:2 Robin


Message History

The hobgoblin hits you but does no damage.
You block the rat's attack.
You slash the rat!
You kill the rat!
The goblin barely misses you. The hobgoblin closely misses you.
The hobgoblin hits you but does no damage.
The goblin closely misses you. You block the hobgoblin's attack.
A goblin comes into view. It is wielding a +0 club.
You closely miss the goblin. The hobgoblin hits you.
The goblin closely misses you. You block the goblin's attack.
The hobgoblin hits you. The hobgoblin barely misses you.
You block the goblin's attack.
You slash the goblin!
You kill the goblin!
A hobgoblin comes into view.
You block the goblin's attack. The hobgoblin barely misses you.
The hobgoblin hits you.
You barely miss the goblin. The goblin barely misses you.
The hobgoblin hits you but does no damage. x2
The goblin hits you with a +0 club.
* * * LOW HITPOINT WARNING * * *
You slash the goblin!
You kill the goblin!
The goblin hits you with a +0 club.
* * * LOW HITPOINT WARNING * * *
The hobgoblin misses you. The hobgoblin hits you.
* * * LOW HITPOINT WARNING * * *
You hit the goblin.
You kill the goblin!
You block the goblin's attack. The hobgoblin closely misses you.
The hobgoblin hits you but does no damage.
The goblin hits you with a +0 club.
* * * LOW HITPOINT WARNING * * *
You hit the hobgoblin.
The hobgoblin is severely wounded.
The hobgoblin closely misses you. x2; You block the hobgoblin's attack.
The goblin hits you with a +0 club.
* * * LOW HITPOINT WARNING * * *
The hobgoblin hits you.
You die...

.................##.##
#.#..#.#.#..#.##.....#
#.#......#..#.##.....#
...>....................
.(#.#.................).
.....................†.
.................##..#.
#.#.##g.##..........#.
#...g@g.....###.##..#.
#.#.##g.##............
.. ................. ...
..g.##.####..#..## ..#
.###.# # . ..# ##


You could see Robin, 3 hobgoblins and a goblin (strong).

Vanquished Creatures
  Terence (D:2)
  2 gnolls (D:1)
  2 bats (D:1)
  2 endoplasms (D:1)
  4 giant cockroaches
  12 goblins
  3 hobgoblins
  3 kobolds (D:1)
  2 quokkas (D:1)
  A ball python (D:1)
  4 frilled lizards
  5 rats
41 creatures vanquished.

Notes
Turn   | Place    | Note
-------+----------+-------------------------------------------
     0 | D:1      | cayde69 the Hill Orc Fighter began the quest for the Orb.
     0 | D:1      | Reached XP level 1. HP: 19/19 MP: 1/1
    62 | D:1      | Reached skill level 3 in Axes
    91 | D:1      | Reached skill level 4 in Axes
    91 | D:1      | Reached XP level 2. HP: 23/26 MP: 2/2
   183 | D:1      | HP: 1/26 [poisoned by a goblin]
   575 | D:1      | Reached XP level 3. HP: 26/31 MP: 3/3
   629 | D:1      | Reached skill level 1 in Long Blades
  1360 | D:2      | Noticed Terence
  1375 | D:2      | Killed Terence
  1376 | D:2      | Reached XP level 4. HP: 23/39 MP: 4/4
  1567 | D:2      | Learned a level 3 spell: Conjure Flame
  1572 | D:2      | Noticed Robin
  1586 | D:2      | Slain by a hobgoblin

Illustrated notes

Levels and vault maps discovered:
D:1:      dpeg_arrival_castle, layout_basic
D:2:      layout_basic, hellmonk_ecumenical_altar_inner_sanctum,
          minmay_tromino_i4, uniq_terence, uniq_robin

Skill      XL: |  1  2  3 |
---------------+----------+-----
Axes           | 4 |  4.2
Long Blades    | 3 |  3.3
Fighting       | |  3.6
Armour         | |  3.2
Dodging        | |  0.2
Shields        | |  3.2

Action                   |  1- 3 |  4- 6 || total
-------------------------+-------+-------++-------
Melee: War axe           |    28 |       ||    28
       Falchion          |    63 |    29 ||    92
  Use: Potion            |       |     1 ||     1
Armor: Scale mail        |    36 |    19 ||    55
Dodge: Dodged            |    44 |    29 ||    73
Block: Buckler           |    16 |    20 ||    36
